 Dungeon Crawl Stone Soup version 0.31-a0-1178-gc5c9b8f871 (webtiles) character file.

Game seed: 14361679175133064744

99 grandjackal the Covered (level 4, -5/35 HPs)
             Began as an Armataur Fighter on Dec 12, 2023.
             Slain by Grinder (9 damage)
             ... on level 3 of the Dungeon.
             The game lasted 00:02:03 (2004 turns).

grandjackal the Covered (Armataur Fighter)          Turns: 2004, Time: 00:02:04

Health: -5/35      AC:  8    Str: 23    XL:     4   Next: 45%
Magic:  4/4        EV:  7    Int:  9    God:
Gold:   84         SH:  4    Dex:  9    Spells: 3/3 levels left

rFire   . . .        a - +0 flail
rCold   . . .        c - +0 buckler
rNeg    . . .        b - +0 scale mail
rPois   .            (no helmet)
rElec   .            (no cloak)
rCorr   .            o - +0 pair of gloves
SInv    .            (no barding)
Will    .....        (no amulet) Stlth
                     (no ring)
HPRegen 0.25/turn    (no ring)
MPRegen 0.09/turn

%: roll
@: mighty
A: large, deformed body, tough skin 3, armoured tail, roll 1, long tongue
a: no special abilities


You were on level 3 of the Dungeon.
You visited 1 branch of the dungeon, and saw 3 of its levels.

You collected 205 gold pieces.
You spent 121 gold pieces at shops.

Inventory:

Hand Weapons
 a - a +0 flail (weapon)
Armour
 b - a +0 scale mail (worn)
 c - a +0 buckler (worn)
 o - a +0 pair of gloves (worn)
Jewellery
 i - a ring of protection from fire
 l - a ring of resist corrosion
Scrolls
 f - 2 scrolls of brand weapon {unknown}
 g - 2 scrolls of teleportation {unknown}
 h - 2 scrolls of fear {unknown}
 m - a scroll of poison {unknown}
 p - a scroll of amnesia {unknown}
 s - a scroll of enchant weapon {unknown}
Potions
 d - a potion of might
 e - a potion of brilliance {unknown}
 j - a potion of lignification {unknown}
 k - a potion of curing {unknown}
 n - a potion of heal wounds {unknown}
 q - a potion of mutation {unknown}
 r - a potion of ambrosia {unknown}


   Skills:
 + Level 3.5 Fighting
 + Level 2.8 Maces & Flails
 - Level 4.0 Armour
 - Level 4.0 Shields


You had 3 spell levels left.
You didn't know any spells.
Your spell library was empty.

Dungeon Overview and Level Annotations

Branches:
Dungeon (3/15)

Altars:

Shops:
D:2 [

Annotations:
D:3 Grinder


Innate Abilities, Weirdness & Mutations

Armour fits poorly on your strangely shaped body.
You have extremely tough skin. (AC +3)
You have a long armoured tail.
You roll when moving toward enemies. (Rampage)
Your long tongue fully drains potion bottles. (2x potion effects)


Message History

You barely miss Grinder. Grinder hits you but does no damage.
You hit Grinder.
Grinder is lightly wounded.
Grinder hits you.
You writhe in agony.
You closely miss Grinder.
Grinder is lightly wounded.
Grinder blinks!
You roll towards Grinder!
You barely miss Grinder.
Grinder is lightly wounded.
Grinder hits you but does no damage.
You barely miss Grinder.
Grinder is lightly wounded.
Grinder says, "DUCK!"
Grinder hits you but does no damage.
You barely miss Grinder.
Your tail-slap misses Grinder.
Grinder is lightly wounded.
Grinder hits you.
You writhe in agony.
Grinder hits you but does no damage.
You closely miss Grinder.
Grinder is lightly wounded.
Grinder gestures at you.
You suddenly lose the ability to move!
Grinder gestures at you. You resist with significant effort. Grinder hits you.
You writhe in agony.
Grinder gestures at you.
You barely resist.
You can move again.
Unknown command.
Unknown command.
You sock Grinder!
Grinder is heavily wounded.
Grinder hits you.
* * * LOW HITPOINT WARNING * * *
You writhe in agony.
* * * LOW HITPOINT WARNING * * *
You closely miss Grinder.
Grinder is heavily wounded.
Grinder hits you!
You die...
Grinder says, "Hey, I wasn't done torturing you yet!"

#.... #..... #....
#...# # #...# #.
#...# #.. #...#
###...#...##########.
...?..5@............>
#.....##....<#####...
####. ####### #


You could see Grinder.

Vanquished Creatures
  3 gnolls (D:1)
  An adder (D:2)
  A dart slug (D:1)
  3 orcs (D:2)
  9 bats
  2 endoplasms
  A giant cockroach (D:2)
  9 goblins
  5 hobgoblins
  5 jackals
  6 kobolds
  A quokka (D:2)
  A ball python (D:1)
  2 frilled lizards (D:1)
49 creatures vanquished.

Notes
Turn   | Place    | Note
-------+----------+-------------------------------------------
     0 | D:1      | grandjackal the Armataur Fighter began the quest for the
                  | Orb.
     0 | D:1      | Reached XP level 1. HP: 17/17 MP: 1/1
   147 | D:1      | Reached XP level 2. HP: 23/23 MP: 2/2
   839 | D:1      | Reached XP level 3. HP: 26/29 MP: 3/3
  1114 | D:2      | Reached XP level 4. HP: 14/35 MP: 4/4
  1365 | D:2      | Found Ocinuw's Antique Armour Shop.
  1380 | D:2      | Bought a pair of gloves for 121 gold pieces
  1817 | D:2      | Found a faded altar of an unknown god.
  1987 | D:3      | Noticed Grinder
  1999 | D:3      | Paralysed by Grinder for 4 turns
  2004 | D:3      | Slain by Grinder

Illustrated notes

Levels and vault maps discovered:
D:1:      dpeg_arrival_radiant, layout_basic, grunt_decor_arrowhead,
          chequers_serial_rivers_small_a, minivault_27
D:2:      layout_basic, serial_shops, shop, serial_forest,
          infiniplex_forest_lined_3_way, infiniplex_forest_clump_medium,
          infiniplex_forest_lined_4_way, infiniplex_forest_lined_room_,
          infiniplex_forest_zigzag_1, infiniplex_forest_clump_small,
          infiniplex_forest_lined_corner, infiniplex_forest_end_1,
          infiniplex_forest_end_1, shapermc_ecumenical_altar_gd,
          guppyfry_early_orc_mine
D:3:      layout_basic, uniq_grinder, uniq_ijyb

Skill      XL: |  1  2  3 |
---------------+----------+-----
Maces & Flails | 2 |  2.8
Armour         | 4 |  4.0
Fighting       | 3 |  3.5
Shields        | 4 |  4.0

Action                     |  1- 3 |  4- 6 || total
---------------------------+-------+-------++-------
  Melee: Flail             |   118 |    77 ||   195
         Tailslap          |    11 |     4 ||    15
    Use: Potion            |       |     1 ||     1
 Armour: Scale mail        |   103 |    89 ||   192
  Dodge: Dodged            |    63 |    35 ||    98
  Block: Buckler           |    28 |    21 ||    49

Table legend: (Time is in decaauts)
 A = Elapsed time spent in this place.
 B = Non-inter-level travel time spent in this place.
 C = Inter-level travel time spent in this place.
 D = Time resting spent in this place.
 E = Time spent auto-exploring this place.
 F = Levels seen in this place.
 G = Mean time per level.
                   A        B        C        D        E       F      G
               +--------+--------+--------+--------+--------+-----+--------+
         Total |   2067 |   2055 |     12 |    378 |   1246 |   3 |  689.0 |
       Dungeon |   2067 |   2055 |     12 |    378 |   1246 |   3 |  689.0 |
               +--------+--------+--------+--------+--------+-----+--------+

Top non-repeatable levels by time:
     D:1: 1051 daAuts
     D:2: 991 daAuts
     D:3: 24 daAuts
